 Dungeon Crawl Stone Soup version 0.20-a0-1127-g1289703 (webtiles) character file.

3616798 dvd the Archmage (level 27, 153/153 HPs)
             Began as a Deep Elf Fire Elementalist on May 12, 2017.
             Was the Champion of Vehumet.
             Escaped with the Orb
             ... and 6 runes on May 18, 2017!
             The game lasted 08:10:37 (89591 turns).

dvd the Archmage (Deep Elf Fire Elementalist)      Turns: 89591, Time: 08:10:38

Health: 153/153    AC: 18    Str:  5    XL:     27
Magic:  71/71      EV: 16    Int: 43    God:    Vehumet [******]
Gold:   7801       SH: 19    Dex: 23    Spells: 2/80 levels left

rFire    + + .     SeeInvis +   u - staff of power
rCold    + + .     Gourm    .   o - +5 shield {reflect}
rNeg     + . .     Faith    .   j - +3 ring mail of Impermeability {rPois Regen+ Dex+3}
rPois    +         Spirit   .   X - +0 hat of Buecy {rCorr Int+4}
rElec    +         Reflect  +   m - scarf {cloud immunity}
rCorr    +         Harm     .   N - +5 pair of gloves of Objectivity {rElec Int+2}
MR       +++++                  b - +2 pair of boots of the Armadillo {rElec rC++ rCorr Int+3}
Stlth    ++........             J - amulet of magic regeneration
Regen    0.8/turn               B - ring "Erivusm" {+Blink rF+ MR+++ Int-2 Dex+3 SInv}
MPRegen  0.7/turn               y - ring of Qiz Sawn {Wiz rElec rF+ rN+}

@: no status effects
A: hooves 1, horns 1, see invisible, agile 1, clever 1, deformed body, frail 1
0: Orb of Zot
}: 6/15 runes: decaying, slimy, silver, abyssal, demonic, gossamer
a: Renounce Religion, Evoke Blink


You escaped.
You worshipped Vehumet.
Vehumet was exalted by your worship.
You were not hungry.

You visited 13 branches of the dungeon, and saw 59 of its levels.
You visited Pandemonium 1 time, and saw 3 of its levels.
You visited the Abyss 3 times.
You also visited: Trove and Bailey.

You collected 9186 gold pieces.
You spent 1385 gold pieces at shops.

Inventory:

Hand Weapons
 a - the +1 war axe of Internal Strife {venom, rPois rF+ rN+++ Dex+3}
   (You found it on level 1 of the Lair of Beasts)

   It poisons the flesh of those it strikes.
   It affects your dexterity (+3).
   It protects you from fire.
   It protects you from poison.
   It renders you almost immune to negative energy.
Armour
 b - the +2 pair of boots of the Armadillo (worn) {rElec rC++ rCorr Int+3}
   (You found it on level 4 of the Spider Nest)

   It affects your intelligence (+3).
   It greatly protects you from cold.
   It insulates you from electricity.
   It protects you from acid and corrosion.
 j - the +3 ring mail of Impermeability (worn) {rPois Regen+ Dex+3}
   (You found it on level 5 of the Pits of Slime)

   It affects your dexterity (+3).
   It protects you from poison.
   It increases your rate of regeneration.
 l - the +4 ring mail of the Five Scars {rN+ rCorr Dex+2}
   (You found it in Pandemonium)

   It affects your dexterity (+2).
   It protects you from negative energy.
   It protects you from acid and corrosion.
 m - a scarf of cloud immunity (worn)
 o - a +5 shield of reflection (worn)
 N - the +5 pair of gloves of Objectivity (worn) {rElec Int+2}
   (You acquired it on level 9 of the Dungeon)

   It affects your intelligence (+2).
   It insulates you from electricity.
 T - a scarf of resistance
 X - the +0 hat of Buecy (worn) {rCorr Int+4}
   (You found it on level 4 of the Lair of Beasts)

   It affects your intelligence (+4).
   It protects you from acid and corrosion.
Magical Staves
 u - an uncursed staff of power (weapon)
 L - an uncursed staff of conjuration
Jewellery
 y - the ring of Qiz Sawn (right hand) {Wiz rElec rF+ rN+}
   (You acquired it in Pandemonium)

   [ring of wizardry]

   It improves your spell success rate.
   It protects you from fire.
   It insulates you from electricity.
   It protects you from negative energy.
 B - the ring "Erivusm" (left hand) {+Blink rF+ MR+++ Int-2 Dex+3 SInv}
   (You acquired it on level 2 of the Depths)

   [ring of protection from fire]

   It affects your intelligence (-2).
   It affects your dexterity (+3).
   It protects you from fire.
   It affects your resistance to hostile enchantments.
   It lets you see invisible.
   It lets you blink.
 J - an amulet of magic regeneration (around neck)
 K - the ring of Sif Muna's Delight {rF+ Dex+4}
   (You found it on level 5 of the Vaults)

   [ring of protection from fire]

   It affects your dexterity (+4).
   It protects you from fire.
 M - the amulet "Tahelleu" {Gourm rC+ Int+8 Slay-6}
   (You found it on level 3 of the Depths)

   [amulet of the gourmand]

   It allows you to eat raw meat even when not hungry.
   It affects your intelligence (+8).
   It affects your accuracy and damage with ranged weapons and melee attacks
   (-6).
   It protects you from cold.
 Q - the ring "Pochoifo" {rF+ Int+3 Dex-3 SInv Stlth+}
   (You found it on level 3 of the Depths)

   [ring of stealth]

   It affects your intelligence (+3).
   It affects your dexterity (-3).
   It protects you from fire.
   It lets you see invisible.
   It makes you more stealthy.
Wands
 e - a wand of lightning (9/15)
 k - a wand of iceblast (9/15)
 v - a wand of acid (8/15)
 D - a wand of digging (23/24)
 G - a wand of lightning (1/15)
Scrolls
 d - 6 scrolls of magic mapping
 f - 12 scrolls of teleportation
 g - 25 scrolls of remove curse
 i - 26 scrolls of identify
 n - 3 scrolls of fear
 q - a scroll of amnesia
 x - 2 scrolls of blinking
 A - 3 scrolls of summoning
 F - 7 scrolls of recharging
 U - 6 scrolls of fog
 V - 4 scrolls of holy word
Potions
 r - 2 potions of cancellation
 s - 2 potions of magic
 t - 9 potions of haste
 w - a potion of resistance
 z - 25 potions of curing
 E - 6 potions of agility
 H - 17 potions of brilliance
 I - 2 potions of might
 P - 4 potions of heal wounds
 R - 2 potions of ambrosia
 W - 10 potions of flight
 Y - 8 potions of mutation
Comestibles
 c - 28 bread rations
 h - 52 fruits
 C - 28 meat rations


   Skills:
 * Level 16.6 Fighting
   Level 0.1 Long Blades
 + Level 6.7 Axes
 + Level 4.4 Staves
 + Level 13.2 Armour
 + Level 11.5 Dodging
 + Level 8.6 Stealth
 + Level 16.0 Shields
 O Level 27 Spellcasting
 + Level 25.5 Conjurations
 + Level 6.9 Charms
 + Level 5.6 Summonings
 + Level 4.7 Necromancy
 + Level 8.8 Translocations
 O Level 27 Fire Magic
 * Level 11.1 Ice Magic
 + Level 6.0 Air Magic
 + Level 11.6 Earth Magic
 + Level 5.4 Evocations


You had 2 spell levels left.
You knew the following spells:

 Your Spells              Type           Power        Failure   Level  Hunger
a - Orb of Destruction    Conj           ########..   1%          7    None
b - Glaciate              Conj/Ice       ########..   3%          9    None
c - Regeneration          Chrm/Necr      #######...   1%          3    None
d - Fireball              Conj/Fire      ########..   0%          5    None
e - Fire Storm            Conj/Fire      ########..   1%          9    None
f - Force Lance           Conj/Tloc      ########     0%          4    None
g - Chain Lightning       Conj/Air       ########..   1%          8    None
h - Bolt of Fire          Conj/Fire      ########..   0%          6    None
i - Ignition              Fire           ########..   1%          8    None
j - Freezing Cloud        Conj/Ice/Air   ########..   1%          6    None
l - Aura of Abjuration    Summ           #######...   1%          5    None
m - Lehudib's Crystal Sp  Conj/Erth      ########..   1%          8    None


Dungeon Overview and Level Annotations

Branches:
Dungeon (15/15)            Temple (1/1) D:6            Lair (6/6) D:10
  Swamp (4/4) Lair:4       Spider (4/4) Lair:2        Slime (5/5) Lair:5
    Orc (2/2) D:11            Elf (3/3) Orc:2        Vaults (5/5) D:13
  Crypt (3/3) Vaults:3       Tomb (0/3) Crypt:3      Depths (5/5) D:15
   Hell (1/1)                 Dis (0/7) Hell            Geh (0/7) Hell
    Coc (0/7) Hell            Tar (0/7) Hell            Zot (5/5) Depths:5

Altars:
Ashenzari
Cheibriados
Dithmenos
Elyvilon
Fedhas
Gozag
Hepliaklqana
Kikubaaqudgha
Makhleb
Nemelex Xobeh
Okawaru
Qazlal
Ru
Sif Muna
Trog
Uskayaw
Vehumet
Wu Jian
Xom
Yredelemnul
Zin
The Shining One
Beogh

Shops:
D:5 %   D:6 :   D:7 [   Orc:2 :?:(   Vaults:2 ?   Vaults:3 (   Depths:2 *

Portals:
Hell: Depths:1 Depths:2 Depths:3 Depths:4 Depths:5
Abyss: Depths:4
Pandemonium: Depths:3 Depths:4 Depths:5
Ziggurat: Depths:3


Innate Abilities, Weirdness & Mutations

You have large cloven feet.
You have a pair of small horns on your head.
You have supernaturally acute eyesight. (SInv)
You are agile. (Dex +2)
Your mind is acute. (Int +2)
Armour fits poorly on your strangely shaped body.
You are frail. (-10% HP)


Message History

Unknown command.
Evoke which item? (* to show all) (? for menu, Esc to quit)
Okay, then.
Unknown command.
(D) Dungeon (T) Temple (L) Lair (S) Swamp (N) Spider Nest (M) Slime Pits (O) Orcish Mines (E) Elven Halls (V) Vaults (C) Crypt (W) Tomb (U) Depths (H) Hell (I) Dis (G) Gehenna (X) Cocytus (Y) Tartarus (Z) Zot
Where to? (Enter - D:1 @ (x,y), ? - help)
There is an open door here.
Magic restored.
You open the door.
There is an open door here.
There is an open door here.
There is a staircase leading out of the dungeon here.
Unknown command.
You open the door.
There is a staircase leading out of the dungeon here.
You have escaped!

#.......
#.......
########.......
#..............
#...####.......
#######+#.#
##......
#.....'.'.#
##.....
#.##'##.###
######
#.#.@.#.#
#.#...#.#
#.##'##.#
#.......#
#########


There were no monsters in sight!

Vanquished Creatures
  the Royal Jelly (Slime:5)
  Khufu (Crypt:2)
  6 orbs of fire
  8 ancient liches
  Mara (Swamp:3)
  2 juggernauts
  A greater mummy (Crypt:2)
  Saint Roka (Crypt:1)
  Margery (Crypt:1)
  4 Killer Klowns
  Geryon (Hell)
  Xtahua (Depths:4)
  A curse toe (Zot:5)
  10 golden dragons
  Nikola (Depths:2)
  The ghost of ThermosAquaticus the Crack Shot, an adept CeHu of Okawaru (Vaults:4)
  3 pandemonium lords (Pan)
  8 liches
  3 bone dragons
  Jorgrun (Vaults:4)
  Arachne (Spider:2)
  21 tentacled monstrosities
  A Tzitzimitl (Pan)
  7 electric golems
  An Ice Fiend (Pan)
  Rupert (Lair:5)
  2 Hell Sentinels
  29 Orb Guardians
  Asterion (Depths:1)
  3 titans
  5 quicksilver dragons
  3 deep elf blademasters (Elf:3)
  2 deep elf master archers (Elf:3)
  17 acid blobs
  8 death cobs
  11 Executioners
  Gastronok (D:8)
  3 ancient champions
  4 sphinxes
  6 tentacled starspawn
  Frances (D:14)
  A tengu reaver (Vaults:5)
  2 thorn hunters
  7 storm dragons
  11 shadow dragons
  Kirke (D:15)
  An azure jelly (shapeshifter) (D:15)
  5 draconian monks
  Donald (Spider:4)
  4 azure jellies
  4 draconian knights
  4 deep elf sorcerers
  17 fire giants
  17 vault wardens
  3 iron dragons
  Aizul (Vaults:2)
  2 draconian scorchers (Zot:1)
  3 warmongers (Pan)
  An orc warlord (Orc:1)
  7 ghost moths
  3 cacodemons (Pan)
  4 emperor scorpions
  17 frost giants
  2 deep elf elementalists (Elf:3)
  An emperor scorpion (shapeshifter) (Depths:3)
  A ghost moth (shapeshifter) (Vaults:5)
  2 draconian annihilators
  18 ironheart preservers
  6 curse skulls
  Louise (Swamp:2)
  3 balrugs
  4 draconian shifters
  3 draconian stormcallers
  2 ghouls (Crypt:1)
  6 spriggan defenders
  20 stone giants
  A starcursed mass (Abyss:3)
  9 entropy weavers
  A stone giant (shapeshifter) (Depths:3)
  2 blood saints (Pan)
  10 reapers
  An entropy weaver (shapeshifter) (Depths:3)
  6 green draconians
  5 war gargoyles
  Nessos (D:13)
  30 very ugly things
  5 black suns (Pan)
  3 corrupters (Pan)
  7 vampire knights
  6 red draconians
  6 purple draconians
  7 deep elf annihilators
  18 small abominations
  13 deep elf demonologists
  18 spark wasps
  19 lorocyprocas
  6 white draconians
  A spark wasp (shapeshifter) (Depths:3)
  7 deep elf death magi
  14 eidola
  7 black draconians
  Azrael (D:14)
  3 yellow draconians
  5 green deaths
  16 ettins
  7 jiangshi
  7 death oozes (Slime:5)
  15 crystal guardians (Depths:3)
  4 blizzard demons
  A minotaur (shapeshifter) (Vaults:5)
  A mummy priest (Crypt:3)
  Josephine (D:11)
  3 quicksilver dragon zombies
  28 vault guards
  15 fire dragons
  19 yaktaur captains
  A quicksilver dragon skeleton (Crypt:3)
  15 ice dragons
  A spriggan air mage (Depths:4)
  2 naga warriors
  6 deep elf high priests
  7 rakshasas
  3 monstrous demonspawn (Pan)
  3 catoblepae (Lair:6)
  8 great orbs of eyes
  24 hydras
  3 ghost crabs
  A death knight (Crypt:1)
  6 deep troll shamans
  17 ogre magi
  11 centaur warriors
  36 dancing weapons
  9 hell hogs
  A death yak (shapeshifter) (D:15)
  60 two-headed ogres
  4 deep troll earth magi (Depths:4)
  2 orc high priests
  5 thrashing horrors
  8 death scarabs (Spider:4)
  8 alligators
  8 tengu warriors
  9 death yaks
  8 vampire magi
  2 titan zombies (Hell)
  A queen ant (shapeshifter) (Depths:3)
  Urug (Lair:2)
  27 skeletal warriors
  3 storm dragon zombies
  2 shock serpents (Depths:3)
  Sonja (D:13)
  6 spriggan berserkers
  2 iron trolls (Depths:4)
  14 sun demons
  11 hell knights
  3 spectral emperor scorpions
  23 deep elf knights
  2 unseen horrors
  A titan skeleton (Abyss:1)
  30 soul eaters
  4 wretched stars
  11 sixfirhies
  6 shadow wraiths
  5 torturous demonspawn
  3 flayed ghosts
  18 deep trolls
  A glowing orange brain (shapeshifter) (Vaults:5)
  A golden dragon zombie (Crypt:2)
  9 glowing orange brains
  4 wizards
  8 swamp dragons
  2 anaconda zombies
  3 shambling mangroves
  2 gelid demonspawn
  A deep troll (shapeshifter) (Vaults:1)
  2 spriggan druids
  2 infernal demonspawn (Pan)
  13 ironbrand convokers
  13 orc knights
  11 deep elf archers
  6 shadow demons
  4 wolf spider zombies
  11 phantasmal warriors
  2 shadow dragon zombies
  2 golden dragon skeletons
  3 harpies (Vaults:4)
  4 obsidian statues (Depths:3)
  A spectral wolf spider (Spider:4)
  21 necromancers
  2 tengu skeletons
  19 orb spiders
  2 iron dragon zombies
  4 oklob plants (Lair:3)
  A cyclops (shapeshifter) (Depths:3)
  4 manticores
  34 wolf spiders
  A mana viper (shapeshifter) (Vaults:5)
  A fire giant zombie (Hell)
  3 orb spiders (shapeshifter)
  12 orc sorcerers
  71 deep elf magi
  27 ugly things
  A shadow dragon skeleton (Crypt:3)
  A shining eye (shapeshifter) (Depths:3)
  2 fauns (shapeshifter)
  28 moths of wrath
  3 moths of wrath (shapeshifter)
  2 worldbinders
  2 manticores (shapeshifter)
  A frost giant zombie (Crypt:3)
  4 stone giant zombies
  A guardian serpent (Abyss:1)
  6 shining eyes (Slime:5)
  9 cyclopes
  2 iron dragon skeletons
  3 frost giant skeletons
  A centaur zombie (D:14)
  2 eyes of devastation (Slime:5)
  A stone giant skeleton (Vaults:4)
  4 elephants
  An ice statue (Lair:4)
  3 molten gargoyles (Depths:3)
  4 black mambas
  2 apocalypse crabs (Abyss:1)
  18 vault sentinels
  4 gargoyles
  6 rust devils
  3 torpor snails
  8 orange demons
  15 smoke demons
  A dire elephant zombie (Hell)
  3 fire giant skeletons
  A black mamba (shapeshifter) (Depths:1)
  A dire elephant skeleton (Crypt:3)
  2 emperor scorpion zombies (Crypt:3)
  10 hellions
  2 spectral redbacks (Spider:4)
  A rime drake (shapeshifter) (Depths:4)
  19 spiny frogs
  15 freezing wraiths
  51 yaktaurs
  9 komodo dragons
  2 yaktaurs (shapeshifter)
  2 rime drakes
  2 komodo dragons (shapeshifter)
  7 redback zombies (Spider:4)
  A swamp worm zombie (Crypt:1)
  9 ancient zymes
  30 demonic crawlers
  An efreet (Abyss:2)
  A catoblepas skeleton (Crypt:1)
  5 red devils
  14 hellwings
  6 ice devils
  A yaktaur skeleton (Vaults:3)
  A guardian mummy (Crypt:3)
  2 tormentors
  10 trolls
  A polar bear (shapeshifter) (Depths:3)
  2 golden dragon simulacra (Hell)
  42 jumping spiders
  4 hydra zombies
  An iron troll skeleton (Crypt:1)
  A queen bee (shapeshifter) (Elf:1)
  34 hornets
  4 tengu conjurers
  A wind drake (shapeshifter) (Vaults:4)
  5 meliai (Abyss:3)
  2 queen bees
  10 tyrant leeches
  3 wind drakes (Depths:3)
  6 polar bears
  A wolf spider simulacrum (Crypt:1)
  A hornet (shapeshifter) (Depths:1)
  91 slime creatures
  3 spectral tarantellas (Spider:4)
  A raiju (shapeshifter) (Vaults:2)
  A sphinx simulacrum (Depths:4)
  2 ice dragon zombies
  4 jumping spider zombies (Spider:4)
  2 blink frogs (shapeshifter)
  2 spectral jumping spiders (Spider:4)
  A meliai zombie (D:14)
  A tarantella zombie (Spider:4)
  2 hippogriffs (shapeshifter) (Vaults:4)
  3 fire dragon zombies
  28 raiju
  16 blink frogs
  12 hippogriffs
  2 hydra skeletons
  18 bog bodies
  A snapping turtle (shapeshifter) (Depths:3)
  An alligator zombie (Hell)
  2 ettin zombies
  A fire giant simulacrum (Hell)
  3 flying skulls (Abyss:1)
  86 redbacks
  2 spriggans (shapeshifter)
  A black mamba zombie (Crypt:3)
  A tarantella (shapeshifter) (Depths:2)
  A redback (shapeshifter) (Vaults:1)
  19 water elementals
  15 wraiths
  An alligator skeleton (Hell)
  A vampire (Abyss:2)
  A satyr skeleton (Crypt:2)
  23 tarantellas
  12 air elementals
  23 ynoxinuls
  4 shadows
  32 spriggans
  A hog (shapeshifter) (D:15)
  A fire bat (shapeshifter) (Depths:3)
  10 hungry ghosts
  2 ushabtiu (Crypt:3)
  33 large abominations
  21 yaks
  2 wyverns
  A golden eye (shapeshifter) (Depths:3)
  2 golden eyes (Slime:5)
  22 fire elementals
  3 hogs (D:15)
  4 basilisks
  17 chaos spawn
  16 humans (D:13)
  7 neqoxecs
  A warg (Orc:1)
  An elf simulacrum (Depths:4)
  3 human simulacra
  19 vampire mosquitoes
  17 swamp worms
  12 insubstantial wisps
  4 nagas (Abyss:1)
  A spiny frog zombie (Hell)
  A soldier ant (shapeshifter) (Elf:3)
  4 acid dragons
  12 water moccasins
  7 hell hounds
  A soldier ant (D:14)
  10 porcupines
  A hydra simulacrum (Hell)
  A water moccasin (shapeshifter) (Vaults:5)
  A floating eye (Depths:2)
  A floating eye (shapeshifter) (Depths:3)
  10 ice beasts
  40 orc warriors
  9 swamp drakes
  2 spiny frog skeletons
  2 black bears
  11 eyes of draining
  A black bear (shapeshifter) (D:14)
  3 human zombies (Vaults:3)
  6 sky beasts
  2 elf zombies
  39 ogres
  4 phantoms
  15 boggarts
  A swamp dragon zombie (Crypt:3)
  An eye of draining (shapeshifter) (Vaults:3)
  A manticore zombie (Crypt:2)
  24 centaurs
  10 wolves
  12 crocodiles
  A crocodile (shapeshifter) (D:15)
  A big kobold (shapeshifter) (Depths:3)
  2 big kobolds (D:9)
  A yaktaur zombie (Crypt:1)
  18 bullfrogs
  12 earth elementals
  A komodo dragon skeleton (Crypt:2)
  6 wyvern skeletons (Crypt:3)
  A wyvern zombie (D:12)
  7 scorpions
  2 cyclops skeletons
  A swamp dragon simulacrum (Hell)
  23 killer bees
  An orc simulacrum (Vaults:1)
  A snapping turtle simulacrum (Crypt:2)
  13 wights
  A troll skeleton (Crypt:1)
  7 howler monkeys
  6 electric eels
  5 crimson imps
  4 quasits
  3 centaur skeletons
  A bullfrog skeleton (D:6)
  5 hounds
  5 jellies
  11 orc priests
  2 iron imps
  37 orc wizards
  A demonspawn skeleton (Crypt:1)
  4 iguanas
  5 worker ants
  A lightning spire (Zot:3)
  A crocodile zombie (Crypt:2)
  8 ogre zombies (D:11)
  A hound skeleton (D:11)
  2 mummies (Crypt:2)
  2 worker ant zombies (D:9)
  An adder (shapeshifter) (Depths:4)
  14 adders
  A howler monkey skeleton (D:6)
  A scorpion zombie (Crypt:2)
  4 shadow imps
  5 white imps
  3 ufetubi (Abyss:1)
  An ooze (D:3)
  An adder zombie (D:9)
  2 worms
  5 ball lightnings (Depths:3)
  A dart slug (D:5)
  6 leopard geckos
  104 orcs
  2 ball pythons
  3 giant cockroaches
  7 goblins
  10 hobgoblins
  28 jackals
  5 quokkas
  4 bats
  5 frilled lizards
  2 goblin skeletons (D:11)
  4 goblin zombies (D:11)
  2 hobgoblin skeletons (D:11)
  3 hobgoblin zombies
  A jackal skeleton (D:9)
  8 kobolds
  A leopard gecko zombie (D:6)
  2 orc skeletons (D:11)
  13 orc zombies (D:11)
  4 rats
  A spectral orc (D:5)
  20 crawling corpses
  2 fungi
  A lurking horror (Abyss:2)
  6 plants
  7 starspawn tentacles
  8 withered plants (Crypt:3)
3263 creatures vanquished.

Vanquished Creatures (collateral kills)
  A tentacled monstrosity (Zot:5)
  A draconian scorcher (Zot:5)
  A green draconian (Zot:5)
  A white draconian (Zot:5)
4 creatures vanquished.

Vanquished Creatures (others)
  An eldritch tentacle (Zot:5)
  A very ugly thing (Depths:3)
  6 stone giants
  A merfolk javelineer (Depths:1)
  8 yaktaur captains
  A dancing weapon (Depths:3)
  A deep elf knight (Vaults:3)
  A deep elf archer (Elf:1)
  An orc knight (Vaults:1)
  A cyclops (Vaults:1)
  3 yaktaurs
  3 water elementals
  A tarantella (shapeshifter) (Depths:3)
  2 humans (D:15)
  A hell hound (Hell)
  A killer bee (Abyss:3)
  A quasit (Abyss:3)
  An orc wizard (Orc:2)
  5 ball lightnings (Depths:3)
  3 blocks of ice
  5 bushes (D:9)
  21 fire vortices
  2 fungi (Lair:5)
  8 plants
  14 starspawn tentacles
  A withered plant (Crypt:3)
94 creatures vanquished.

Grand Total: 3361 creatures vanquished

Notes
Turn   | Place    | Note
-------+----------+-------------------------------------------
     0 | D:1      | dvd the Deep Elf Fire Elementalist began the quest for the Orb.
     0 | D:1      | Reached XP level 1. HP: 10/10 MP: 6/6
   139 | D:1      | Reached XP level 2. HP: 15/15 MP: 2/8
   220 | D:1      | Learned a level 2 spell: Throw Flame
   703 | D:2      | Reached XP level 3. HP: 14/19 MP: 8/10
  1437 | D:3      | Reached XP level 4. HP: 14/24 MP: 1/12
  1493 | D:3      | Learned a level 4 spell: Sticky Flame
  2039 | D:3      | Reached XP level 5. HP: 28/28 MP: 13/13
  2455 | D:4      | Reached skill level 5 in Fire Magic
  2578 | D:4      | Reached skill level 5 in Spellcasting
  3247 | D:5      | Entered Level 5 of the Dungeon
  3248 | D:5      | Found Jahell's Food Shoppe.
  3494 | D:5      | Reached XP level 6. HP: 33/33 MP: 15/15
  3704 | D:5      | Reached skill level 1 in Armour
  4197 | D:5      | Found a basalt altar of Yredelemnul.
  4349 | D:6      | Found Lubug's Book Shop.
  4392 | D:6      | Found a shattered altar of Ashenzari.
  4416 | D:6      | Reached XP level 7. HP: 24/37 MP: 8/17
  4649 | D:6      | Found a staircase to the Ecumenical Temple.
  4654 | Temple   | Entered the Ecumenical Temple
  4940 | D:6      | Found a sacrificial altar of Ru.
  5215 | D:6      | Reached skill level 1 in Staves
  5556 | D:7      | Found Holuipp's Antique Armour Boutique.
  5561 | D:7      | Noticed a hungry ghost
  5581 | D:7      | Killed a hungry ghost
  5581 | D:7      | Reached XP level 8. HP: 41/42 MP: 0/20
  5583 | D:7      | Bought a pair of runed boots for 172 gold pieces
  5583 | D:7      | Bought a pair of glowing gloves for 172 gold pieces
  6118 | D:7      | Learned a level 5 spell: Fireball
  6340 | D:7      | Reached skill level 1 in Fighting
  6340 | D:7      | Reached skill level 5 in Conjurations
  6533 | D:8      | Found a glowing silver altar of Zin.
  6656 | D:8      | Noticed Gastronok
  6930 | D:9      | Reached XP level 9. HP: 46/47 MP: 23/23
  6935 | D:9      | Found a flagged portal.
  6976 | Bailey   | Entered a bailey
  7648 | Bailey   | Noticed an orc knight
  7653 | Bailey   | Killed an orc knight
  7653 | Bailey   | Reached skill level 10 in Spellcasting
  8029 | Bailey   | Found a roughly hewn altar of Beogh.
  8294 | D:9      | Noticed a two-headed ogre
  8302 | D:9      | Killed a two-headed ogre
  8302 | D:9      | Reached XP level 10. HP: 43/52 MP: 21/26
  8493 | D:9      | Noticed a centaur warrior
  8503 | D:9      | Killed a centaur warrior
  8737 | D:9      | Found a hazy altar of Hepliaklqana.
  8866 | D:9      | Reached skill level 10 in Fire Magic
  8888 | D:9      | Learned a level 1 spell: Shock
  9025 | D:9      | Identified a scroll of acquirement
  9026 | D:9      | Got a pair of spiked gloves
  9037 | D:9      | Identified the +5 pair of gloves of Objectivity {rElec Int+2} (You acquired it on level 9 of the Dungeon)
  9055 | D:9      | Noticed a two-headed ogre
  9067 | D:9      | Killed a two-headed ogre
  9708 | D:9      | Noticed a two-headed ogre
  9711 | D:9      | Killed a two-headed ogre
  9711 | D:9      | Reached XP level 11. HP: 56/56 MP: 28/29
  9781 | D:9      | Found a snail-covered altar of Cheibriados.
  9781 | D:9      | Found a radiant altar of Vehumet.
  9781 | D:9      | Found an iron altar of Okawaru.
  9781 | D:9      | Found an ancient bone altar of Kikubaaqudgha.
  9786 | D:9      | Became a worshipper of Vehumet
  9802 | D:9      | Found a sacrificial altar of Ru.
  9803 | D:9      | Found a stormy altar of Qazlal.
 10243 | D:9      | Found an ornate altar of the Wu Jian Council.
 10779 | D:7      | Bought a ripped robe for 131 gold pieces
 10789 | D:7      | Identified the cursed +0 robe "Cefir" {rCorr Int+3} (You bought it in a shop on level 7 of the Dungeon)
 10794 | D:7      | Learned a level 4 spell: Force Lance
 10800 | D:7      | Learned a level 5 spell: Lightning Bolt
 10928 | D:8      | Killed Gastronok
 11277 | D:10     | Entered Level 10 of the Dungeon
 11422 | D:10     | Reached skill level 10 in Conjurations
 11544 | D:10     | Noticed a two-headed ogre
 11547 | D:10     | Killed a two-headed ogre
 11837 | D:10     | Found a staircase to the Lair.
 12035 | D:10     | Reached * piety under Vehumet
 12035 | D:10     | Offered knowledge of Sting by Vehumet.
 12251 | D:11     | Noticed Josephine
 12257 | D:11     | Killed Josephine
 12260 | D:11     | Reached skill level 1 in Air Magic
 12593 | D:11     | Offered knowledge of Magic Dart by Vehumet.
 12593 | D:11     | Reached ** piety under Vehumet
 12773 | D:11     | Found a staircase to the Orcish Mines.
 12878 | D:11     | Reached XP level 12. HP: 62/62 MP: 32/32
 12899 | D:11     | Noticed a two-headed ogre
 12900 | D:11     | Killed a two-headed ogre
 12907 | D:11     | Noticed a two-headed ogre
 12911 | D:11     | Killed a two-headed ogre
 13224 | D:11     | Offered knowledge of Mephitic Cloud by Vehumet.
 13395 | D:11     | Gained mutation: You are agile. (Dex +2) [mutagenic meat]
 13396 | D:11     | Gained mutation: You are frail. (-10% HP) [mutagenic meat]
 13522 | D:11     | Got a pitted great sword
 13523 | D:11     | Identified the +2 great sword "Hiotaj" {protect, Int+5 Dex+5} (You found it on level 11 of the Dungeon)
 13718 | Lair:1   | Entered Level 1 of the Lair of Beasts
 13832 | Lair:1   | Got a transparent trident
 13833 | Lair:1   | Identified the +10 trident of Uvuyches {freeze, rElec} (You found it on level 1 of the Lair of Beasts)
 13972 | Lair:1   | Got a brightly glowing war axe
 13973 | Lair:1   | Identified the cursed +1 war axe of Internal Strife {venom, rPois rF+ rN+++ Dex+3} (You found it on level 1 of the Lair of Beasts)
 14415 | Lair:2   | Noticed Urug
 14447 | Lair:2   | Killed Urug
 14447 | Lair:2   | Reached skill level 15 in Spellcasting
 14738 | Lair:2   | Noticed a four-headed hydra
 14741 | Lair:2   | Killed a four-headed hydra
 14741 | Lair:2   | Reached *** piety under Vehumet
 15294 | Lair:2   | Found a hole to the Spider Nest.
 15757 | Lair:3   | Noticed a five-headed hydra
 15761 | Lair:3   | Killed a five-headed hydra
 15766 | Lair:3   | Offered knowledge of Ignite Poison by Vehumet.
 16271 | Lair:3   | Reached XP level 13. HP: 59/59 MP: 25/35
 17493 | Lair:3   | Got a transparent gossamer ring
 17494 | Lair:3   | Identified the ring "Ataiblyh" {Ice rElec Int+2 Dex-5} (You found it on level 3 of the Lair of Beasts)
 18012 | Orc:1    | Entered Level 1 of the Orcish Mines
 18012 | Orc:1    | Noticed an orc warlord
 18017 | Orc:1    | Reached **** piety under Vehumet
 18303 | Lair:4   | Reached skill level 1 in Translocations
 18545 | Lair:4   | Reached skill level 1 in Axes
 18706 | Lair:4   | Offered knowledge of Bolt of Magma by Vehumet.
 19054 | Lair:4   | Got a distressingly furry buckler
 19060 | Lair:4   | Got an ichor-stained hat
 19073 | Lair:4   | Identified the +3 buckler of Existentialism {*Slow rN+ Slay+3 Stlth+} (You found it on level 4 of the Lair of Beasts)
 19088 | Lair:4   | Identified the +0 hat of Buecy {rCorr Int+4} (You found it on level 4 of the Lair of Beasts)
 19367 | D:6      | Bought a book of Fire for 910 gold pieces
 19374 | D:6      | Learned a level 6 spell: Bolt of Fire
 19383 | D:6      | Learned a level 8 spell: Ignition
 19392 | D:6      | Lost mutation: You are agile. (Dex +2) [potion of mutation]
 19392 | D:6      | Lost mutation: You are frail. (-10% HP) [potion of mutation]
 19392 | D:6      | Gained mutation: Your muscles are strong. (Str +2) [potion of mutation]
 19392 | D:6      | Gained mutation: Your flesh is heat resistant. (rF+) [potion of mutation]
 19392 | D:6      | Gained mutation: Your mind is acute. (Int +2) [potion of mutation]
 19392 | D:6      | Gained mutation: You have sharp toenails. [potion of mutation]
 20247 | Lair:4   | Found a staircase to the Swamp.
 20422 | Lair:5   | Noticed Rupert
 20434 | Lair:5   | Killed Rupert
 20434 | Lair:5   | Reached skill level 1 in Evocations
 21670 | Lair:5   | Reached skill level 5 in Dodging
 21674 | Lair:5   | Reached ***** piety under Vehumet
 21674 | Lair:5   | Reached XP level 14. HP: 72/72 MP: 12/37
 21681 | Lair:5   | Found a staircase to the Slime Pits.
 21886 | Lair:5   | Offered knowledge of Freezing Cloud by Vehumet.
 21901 | Lair:5   | Learned a level 6 spell: Freezing Cloud
 22465 | Lair:6   | Entered Level 6 of the Lair of Beasts
 24446 | D:12     | Reached skill level 5 in Stealth
 25085 | D:13     | Found a gate to the Vaults.
 25086 | D:13     | Reached skill level 15 in Fire Magic
 25092 | D:13     | Noticed Sonja
 25093 | D:13     | Killed Sonja
 25232 | D:12     | Offered knowledge of Bolt of Cold by Vehumet.
 25802 | D:13     | Found a portal to a secret trove of treasure.
 25967 | D:13     | Noticed Nessos
 25968 | D:13     | Reached XP level 15. HP: 76/76 MP: 28/39
 25969 | D:13     | Killed Nessos
 26178 | Orc:1    | Killed an orc warlord
 26246 | Orc:1    | Found a burning altar of Makhleb.
 26589 | Orc:1    | Learned a level 6 spell: Bolt of Cold
 26751 | Orc:2    | Entered Level 2 of the Orcish Mines
 26938 | Orc:2    | Found a roughly hewn altar of Beogh.
 26966 | Orc:2    | Found a staircase to the Elven Halls.
 27224 | Orc:2    | Found Jefet's Book Boutique.
 27348 | Orc:2    | Found a radiant altar of Vehumet.
 27397 | Orc:2    | Found Hawouw's Magic Scroll Boutique.
 27572 | Orc:2    | Found an ancient bone altar of Kikubaaqudgha.
 27623 | Orc:2    | Found a roughly hewn altar of Beogh.
 27623 | Orc:2    | Found Eqixt's Book Boutique.
 27643 | Orc:2    | Found Zemosegh's Antique Weapon Shop.
 27735 | Orc:2    | Found a roughly hewn altar of Beogh.
 28245 | D:14     | Found a deep blue altar of Sif Muna.
 28795 | D:14     | Noticed Frances
 28799 | D:14     | Killed Frances
 29062 | D:14     | Noticed Azrael
 29083 | D:14     | Killed Azrael
 29300 | D:15     | Entered Level 15 of the Dungeon
 29306 | D:15     | Reached ****** piety under Vehumet
 29389 | D:15     | Noticed Kirke
 29394 | D:15     | Killed Kirke
 29394 | D:15     | Reached skill level 1 in Ice Magic
 29478 | D:15     | Reached skill level 15 in Conjurations
 29503 | D:15     | Offered knowledge of Venom Bolt by Vehumet.
 30398 | D:15     | Noticed an azure jelly
 30401 | D:15     | Killed an azure jelly
 30493 | D:15     | Found a staircase to the Depths.
 30925 | Spider:1 | Entered Level 1 of the Spider Nest
 31128 | Spider:1 | Reached XP level 16. HP: 82/82 MP: 24/42
 31561 | Spider:1 | Offered knowledge of Poison Arrow by Vehumet.
 32111 | Spider:2 | Noticed Arachne
 32604 | Spider:2 | Killed Arachne
 33723 | Spider:3 | Offered knowledge of Ozocubu's Refrigeration by Vehumet.
 34478 | Spider:4 | Entered Level 4 of the Spider Nest
 35518 | Spider:4 | Reached skill level 1 in Shields
 35620 | Spider:4 | Reached XP level 17. HP: 84/87 MP: 18/44
 35721 | Spider:4 | Got a pair of polished boots
 35732 | Spider:4 | Identified the +2 pair of boots of the Armadillo {rElec rC++ rCorr Int+3} (You found it on level 4 of the Spider Nest)
 36037 | Spider:4 | Offered knowledge of Conjure Ball Lightning by Vehumet.
 36381 | Spider:4 | Noticed Donald
 36990 | Spider:4 | Killed Donald
 37933 | Spider:4 | Got a gossamer rune of Zot
 38167 | Swamp:1  | Entered Level 1 of the Swamp
 38178 | Swamp:1  | Offered knowledge of Orb of Destruction by Vehumet.
 38374 | Swamp:1  | Learned a level 7 spell: Orb of Destruction
 39389 | Swamp:2  | Noticed Louise
 39392 | Swamp:2  | Killed Louise
 40782 | Swamp:3  | Reached XP level 18. HP: 83/92 MP: 36/46
 40803 | Swamp:3  | Noticed Mara
 40820 | Swamp:3  | Killed Mara
 41097 | Swamp:4  | Entered Level 4 of the Swamp
 41872 | Swamp:4  | Offered knowledge of Fire Storm by Vehumet.
 41872 | Swamp:4  | Offered knowledge of Glaciate by Vehumet.
 41872 | Swamp:4  | Offered knowledge of Chain Lightning by Vehumet.
 41883 | Swamp:4  | Learned a level 9 spell: Fire Storm
 42896 | Swamp:4  | Reached skill level 5 in Shields
 43115 | Swamp:4  | Got a decaying rune of Zot
 43763 | Elf:1    | Entered Level 1 of the Elven Halls
 45487 | Elf:2    | Reached XP level 19. HP: 96/96 MP: 20/48
 46105 | Elf:2    | Found a huge runed gate.
 46105 | Elf:2    | Found a huge runed gate.
 46105 | Elf:2    | Found a huge runed gate.
 46106 | Elf:2    | Found a huge runed gate.
 46108 | Elf:2    | Found a huge runed gate.
 46985 | Elf:3    | Entered Level 3 of the Elven Halls
 47965 | Elf:3    | Noticed a Brimstone Fiend
 48194 | Elf:3    | Got a slimy emerald amulet
 48199 | Elf:3    | Identified the amulet "Jinol" {Harm *Drain rElec} (You took it off a deep elf elementalist on level 3 of the Elven Halls)
 48303 | Elf:3    | Identified the Tome of Transformation and Necromancy
 48320 | Elf:3    | Got an ancient robe
 48331 | Elf:3    | Identified the +0 robe "Cerootyuta" {+Inv rCorr} (You found it on level 3 of the Elven Halls)
 48381 | Elf:3    | Got a pitted chain mail
 48392 | Elf:3    | Identified the cursed +0 chain mail of the Insatiable Hells {-Cast Regen+ Str+6 Int+4} (You took it off a deep elf blademaster on level 3 of the Elven Halls)
 48494 | Elf:3    | Identified the Almanac of Enchantment
 48502 | Elf:3    | Learned a level 5 spell: Aura of Abjuration
 48858 | Vaults:1 | Entered Level 1 of the Vaults
 48913 | Vaults:1 | You fall through a shaft!
 48935 | Vaults:2 | Noticed Jorgrun
 48975 | Vaults:2 | Got a warped ring mail
 48996 | Vaults:2 | Identified the +7 ring mail of Vexation {*Corrode +Blink MR++} (You found it on level 2 of the Vaults)
 49074 | Vaults:1 | Reached skill level 5 in Fighting
 49637 | Vaults:1 | Reached XP level 20. HP: 106/106 MP: 42/50
 49651 | Vaults:1 | Reached skill level 1 in Summonings
 49812 | Vaults:1 | Reached skill level 5 in Armour
 50000 | Vaults:1 | Found Baurat's Weapon Emporium.
 52320 | Vaults:2 | Noticed Aizul
 52324 | Vaults:2 | Killed Aizul
 52885 | Vaults:2 | Found Geunian's Magic Scroll Boutique.
 53207 | Vaults:3 | Reached XP level 21. HP: 113/113 MP: 43/52
 53484 | Vaults:3 | Found Zifituof's Antique Weapon Shoppe.
 53610 | Vaults:3 | Reached skill level 5 in Axes
 53703 | Vaults:3 | Found a staircase to the Crypt.
 54610 | Vaults:4 | Reached skill level 5 in Translocations
 55302 | Vaults:4 | Noticed ThermosAquaticus's ghost (adept CeHu)
 55323 | Vaults:4 | Killed ThermosAquaticus's ghost
 55323 | Vaults:4 | Reached skill level 10 in Shields
 55997 | Vaults:4 | Killed Jorgrun
 56103 | Vaults:5 | Entered Level 5 of the Vaults
 56104 | Vaults:5 | Reached XP level 22. HP: 122/122 MP: 54/54
 56212 | Vaults:5 | Noticed an ancient lich
 56216 | Vaults:5 | Killed an ancient lich
 56360 | Vaults:5 | Noticed an ancient lich
 56365 | Vaults:5 | Killed an ancient lich
 56442 | Vaults:5 | Learned a level 7 spell: Ring of Flames
 56478 | Vaults:5 | Reached skill level 1 in Charms
 56481 | Vaults:5 | Reached skill level 27 in Spellcasting
 56707 | Vaults:5 | Identified the cursed +0 scale mail "Bisyc" {rF+ Regen+ rCorr Int-2} (You took it off a deep elf high priest on level 5 of the Vaults)
 57027 | Vaults:5 | Noticed a golden dragon
 57034 | Vaults:5 | Killed a golden dragon
 57539 | Vaults:5 | Got a silver rune of Zot
 57546 | Vaults:5 | Identified the Incunabulum of Harmful Augmentations
 57830 | Vaults:5 | Got a steaming copper ring
 57832 | Vaults:5 | Identified the ring of Sif Muna's Delight {rF+ Dex+4} (You found it on level 5 of the Vaults)
 58040 | Vaults:5 | Identified the Volume of Venomous Aid
 58049 | Vaults:5 | Got a warped leather armour
 58060 | Vaults:5 | Identified the +3 leather armour of Foolhardiness {MR+} (You found it on level 5 of the Vaults)
 58078 | Vaults:5 | Learned a level 3 spell: Regeneration
 58105 | Vaults:5 | Reached XP level 23. HP: 123/130 MP: 55/56
 58404 | Depths:1 | Entered Level 1 of the Depths
 58432 | Depths:1 | Noticed Asterion
 58439 | Depths:1 | Killed Asterion
 59167 | Depths:1 | Reached skill level 10 in Fighting
 59491 | Depths:1 | Found a gateway to Hell.
 59719 | Depths:2 | Identified the Guide on Good Luck and Confrontation
 59777 | Depths:2 | Noticed Nikola
 59784 | Depths:2 | Killed Nikola
 61007 | Depths:2 | Found Dotyihekk's Assorted Antiques.
 61118 | Depths:2 | Got a heavily runed copper ring
 61120 | Depths:2 | Identified the ring "Erivusm" {+Blink rF+ MR+++ Int-2 Dex+3 SInv} (You acquired it on level 2 of the Depths)
 61625 | Slime:1  | Entered Level 1 of the Pits of Slime
 61718 | Slime:5  | Entered Level 5 of the Pits of Slime
 61764 | Slime:5  | Reached XP level 24. HP: 133/139 MP: 48/56
 61774 | Slime:5  | Lost mutation: Your mind is acute. (Int +2) [a shining eye]
 61776 | Slime:5  | Gained mutation: Armour fits poorly on your strangely shaped body. [a shining eye]
 61859 | Slime:5  | Noticed the Royal Jelly
 61864 | Slime:5  | Killed the Royal Jelly
 62154 | Slime:5  | Got a warped ring mail
 62165 | Slime:5  | Identified the +3 ring mail of Impermeability {rPois Regen+ Dex+3} (You found it on level 5 of the Pits of Slime)
 62167 | Slime:5  | Identified the +5 plate armour of Lilacs {rElec Str+3 Int+3} (You found it on level 5 of the Pits of Slime)
 62194 | Slime:5  | Got a scintillating wooden ring
 62196 | Slime:5  | Identified the ring of Midsummer {Str+2 Dex+5} (You found it on level 5 of the Pits of Slime)
 62221 | Slime:5  | Identified the Reference Book on Supportive Dark Rituals
 62225 | Slime:5  | Got a slimy rune of Zot
 62271 | Slime:5  | Got an iridescent great sword
 62272 | Slime:5  | Identified the cursed +2 great sword of Balance {freeze, Str+3} (You found it on level 5 of the Pits of Slime)
 62443 | Lair:2   | Lost mutation: Armour fits poorly on your strangely shaped body. [potion of mutation]
 62443 | Lair:2   | Lost mutation: You have sharp toenails. [potion of mutation]
 62443 | Lair:2   | Lost mutation: Your muscles are strong. (Str +2) [potion of mutation]
 62443 | Lair:2   | Lost mutation: Your flesh is heat resistant. (rF+) [potion of mutation]
 62443 | Lair:2   | Gained mutation: Your body sometimes deteriorates upon taking damage. [potion of mutation]
 62443 | Lair:2   | Gained mutation: Your body often deteriorates upon taking damage. [potion of mutation]
 62443 | Lair:2   | Gained mutation: You are covered in fur. (AC +1) [potion of mutation]
 62443 | Lair:2   | Gained mutation: You are partially covered in iridescent scales. (AC +2) [potion of mutation]
 62444 | Lair:2   | Lost mutation: Your body often deteriorates upon taking damage. [potion of mutation]
 62444 | Lair:2   | Lost mutation: Your body sometimes deteriorates upon taking damage. [potion of mutation]
 62444 | Lair:2   | Lost mutation: You are partially covered in iridescent scales. (AC +2) [potion of mutation]
 62444 | Lair:2   | Lost mutation: You are covered in fur. (AC +1) [potion of mutation]
 62444 | Lair:2   | Gained mutation: You are weak. (Str -2) [potion of mutation]
 62444 | Lair:2   | Gained mutation: You have large cloven feet. [potion of mutation]
 62445 | Lair:2   | Lost mutation: You are weak. (Str -2) [potion of mutation]
 62445 | Lair:2   | Lost mutation: You have large cloven feet. [potion of mutation]
 62445 | Lair:2   | Gained mutation: You occasionally shout uncontrollably at your foes. [potion of mutation]
 62445 | Lair:2   | Gained mutation: Your magical capacity is low. (-10% MP) [potion of mutation]
 62445 | Lair:2   | Gained mutation: You are partially covered in yellow scales. (AC +2) [potion of mutation]
 62446 | Lair:2   | Lost mutation: Your magical capacity is low. (-10% MP) [potion of mutation]
 62446 | Lair:2   | Lost mutation: You occasionally shout uncontrollably at your foes. [potion of mutation]
 62446 | Lair:2   | Lost mutation: You are partially covered in yellow scales. (AC +2) [potion of mutation]
 62446 | Lair:2   | Gained mutation: You are robust. (+10% HP) [potion of mutation]
 62446 | Lair:2   | Gained mutation: You are clumsy. (Dex -2) [potion of mutation]
 62446 | Lair:2   | Gained mutation: You have very sharp teeth. [potion of mutation]
 62495 | D:10     | Upgraded the game from 0.20-a0-1122-gb7cbeb9 to 0.20-a0-1124-g2e29d97
 64003 | Depths:3 | Gained mutation: Armour fits poorly on your strangely shaped body. [a shining eye]
 64498 | Depths:3 | Found a one-way gate leading to the halls of Pandemonium.
 64523 | Depths:3 | Found a gateway to a ziggurat.
 64854 | Depths:3 | Got a vibrating tin amulet
 64855 | Depths:3 | Identified the amulet "Tahelleu" {Gourm rC+ Int+8 Slay-6} (You found it on level 3 of the Depths)
 64858 | Depths:3 | Lost mutation: You are robust. (+10% HP) [potion of mutation]
 64858 | Depths:3 | Lost mutation: You are clumsy. (Dex -2) [potion of mutation]
 64858 | Depths:3 | Gained mutation: You have a pair of small horns on your head. [potion of mutation]
 64858 | Depths:3 | Gained mutation: You are resistant to electric shocks. (rElec) [potion of mutation]
 64858 | Depths:3 | Gained mutation: You are partially covered in iridescent scales. (AC +2) [potion of mutation]
 65127 | Depths:3 | Got a clouded iron ring
 65132 | Depths:3 | Identified the ring "Pochoifo" {rF+ Int+3 Dex-3 SInv Stlth+} (You found it on level 3 of the Depths)
 65250 | Depths:4 | Found a one-way gate to the infinite horrors of the Abyss.
 65459 | Depths:4 | HP: 2/141 [lich/crystal spear (70)]
 65852 | Depths:4 | Reached XP level 25. HP: 147/147 MP: 51/56
 66233 | Depths:4 | Noticed Xtahua
 66346 | Depths:4 | Noticed a juggernaut
 66350 | Depths:4 | Killed a juggernaut
 66504 | Depths:4 | Reached skill level 5 in Ice Magic
 67238 | Depths:4 | Killed Xtahua
 67624 | Depths:4 | Reached skill level 5 in Charms
 67967 | Depths:4 | Identified the Almanac of the Freezing Arsonist
 68200 | Hell     | Entered the Vestibule of Hell
 68200 | Hell     | Noticed Geryon
 68211 | Hell     | Killed Geryon
 68211 | Hell     | Reached skill level 1 in Necromancy
 68430 | Depths:4 | Voluntarily entered the Abyss.
 68565 | Abyss:1  | Found a bloodstained altar of Trog.
 69003 | Depths:4 | Escaped the Abyss
 69148 | Depths:5 | Entered Level 5 of the Depths
 69452 | Depths:5 | Reached skill level 10 in Armour
 69453 | Depths:5 | Noticed a juggernaut
 69751 | Depths:5 | Reached XP level 26. HP: 136/154 MP: 34/56
 69759 | Depths:5 | Killed a juggernaut
 70005 | Depths:5 | Found a gate to the Realm of Zot.
 70538 | Depths:5 | Found a glowing golden altar of the Shining One.
 70573 | Depths:5 | Lost mutation: You are partially covered in iridescent scales. (AC +2) [potion of mutation]
 70573 | Depths:5 | Gained mutation: You are agile. (Dex +2) [potion of mutation]
 70573 | Depths:5 | Gained mutation: Your magical capacity is low. (-10% MP) [potion of mutation]
 70573 | Depths:5 | Gained mutation: You have sharp toenails. [potion of mutation]
 70574 | Depths:5 | Lost mutation: Your magical capacity is low. (-10% MP) [potion of mutation]
 70574 | Depths:5 | Lost mutation: You have sharp toenails. [potion of mutation]
 70574 | Depths:5 | Gained mutation: You occasionally shout uncontrollably at your foes. [potion of mutation]
 70574 | Depths:5 | Gained mutation: You have a pair of horns on your head. [potion of mutation]
 70575 | Depths:5 | Lost mutation: You occasionally shout uncontrollably at your foes. [potion of mutation]
 70575 | Depths:5 | Lost mutation: You are agile. (Dex +2) [potion of mutation]
 70575 | Depths:5 | Lost mutation: You have a pair of horns on your head. [potion of mutation]
 70575 | Depths:5 | Lost mutation: Armour fits poorly on your strangely shaped body. [potion of mutation]
 70575 | Depths:5 | Lost mutation: You have a pair of small horns on your head. [potion of mutation]
 70575 | Depths:5 | Gained mutation: Your magical capacity is low. (-10% MP) [potion of mutation]
 70575 | Depths:5 | Gained mutation: You possess an exceptional clarity of mind. [potion of mutation]
 70578 | Depths:5 | Upgraded the game from 0.20-a0-1124-g2e29d97 to 0.20-a0-1126-g0f15420
 70578 | Depths:5 | Lost mutation: Your magical capacity is low. (-10% MP) [potion of mutation]
 70578 | Depths:5 | Lost mutation: You possess an exceptional clarity of mind. [potion of mutation]
 70578 | Depths:5 | Lost mutation: You are resistant to electric shocks. (rElec) [potion of mutation]
 70578 | Depths:5 | Gained mutation: You are partially covered in large bone plates. (SH +4) [potion of mutation]
 70578 | Depths:5 | Gained mutation: You have large cloven feet. [potion of mutation]
 70639 | Depths:4 | Voluntarily entered the Abyss.
 70693 | Abyss:1  | Found a blossoming altar of Fedhas.
 71764 | Abyss:1  | Noticed an ancient lich
 71776 | Abyss:1  | Killed an ancient lich
 71822 | Abyss:1  | Got an encrusted mace
 72246 | Abyss:2  | Identified the +8 mace "Dycvunt" {speed, Int+3} (You found it on level 1 of the Abyss)
 72739 | Abyss:3  | Got an abyssal rune of Zot
 72901 | Depths:4 | Escaped the Abyss
 73219 | D:13     | You showed the abyssal rune of Zot to enter a treasure trove
 73220 | Trove    | Entered a treasure trove
 73235 | Trove    | Identified Lehudib's Volume of Conjuration
 73379 | D:13     | Learned a level 8 spell: Chain Lightning
 73602 | Depths:1 | Gained mutation: Armour fits poorly on your strangely shaped body. [mutagenic meat]
 73603 | Depths:1 | Gained mutation: You expend magic power (3 MP) to strengthen your wands. [mutagenic meat]
 73604 | Depths:1 | Gained mutation: Your spells are a little easier to cast, but a little less powerful. [mutagenic meat]
 73605 | Depths:1 | Gained mutation: Your system is resistant to poisons. (rPois) [mutagenic meat]
 73607 | Depths:1 | Gained mutation: You have a pair of small horns on your head. [mutagenic meat]
 73608 | Depths:1 | Gained mutation: You can translocate small distances at will. [mutagenic meat]
 73610 | Depths:1 | Gained mutation: You tend to lose your temper in combat. [mutagenic meat]
 73611 | Depths:1 | Lost mutation: Your system is resistant to poisons. (rPois) [potion of mutation]
 73611 | Depths:1 | Lost mutation: You expend magic power (3 MP) to strengthen your wands. [potion of mutation]
 73611 | Depths:1 | Lost mutation: You have a pair of small horns on your head. [potion of mutation]
 73611 | Depths:1 | Gained mutation: You have supernaturally acute eyesight. (SInv) [potion of mutation]
 73612 | Depths:1 | Lost mutation: Armour fits poorly on your strangely shaped body. [potion of mutation]
 73612 | Depths:1 | Lost mutation: You have large cloven feet. [potion of mutation]
 73612 | Depths:1 | Gained mutation: Your body sometimes deteriorates upon taking damage. [potion of mutation]
 73612 | Depths:1 | Gained mutation: You have a somewhat thin skeletal structure. (Dex +2, Stealth) [potion of mutation]
 73613 | Depths:1 | Lost mutation: You are partially covered in large bone plates. (SH +4) [potion of mutation]
 73613 | Depths:1 | Lost mutation: You can translocate small distances at will. [potion of mutation]
 73613 | Depths:1 | Gained mutation: You are somewhat resistant to further mutation. [potion of mutation]
 73614 | Depths:1 | Lost mutation: Your spells are a little easier to cast, but a little less powerful. [potion of mutation]
 73614 | Depths:1 | Lost mutation: Your body sometimes deteriorates upon taking damage. [potion of mutation]
 73614 | Depths:1 | Lost mutation: You have a somewhat thin skeletal structure. (Dex +2, Stealth) [potion of mutation]
 73614 | Depths:1 | Lost mutation: You tend to lose your temper in combat. [potion of mutation]
 73614 | Depths:1 | Gained mutation: Your movements are slightly less encumbered by armour. (ER -2) [potion of mutation]
 73614 | Depths:1 | Gained mutation: You passively map a small area around you. [potion of mutation]
 73956 | Crypt:1  | Entered Level 1 of the Crypt
 74061 | Crypt:1  | Noticed Saint Roka
 74068 | Crypt:1  | Killed Saint Roka
 74252 | Crypt:1  | Noticed Margery
 74258 | Crypt:1  | Killed Margery
 74696 | Crypt:1  | Reached XP level 27. HP: 160/160 MP: 56/56
 74875 | Crypt:2  | Noticed Khufu
 74883 | Crypt:2  | Killed Khufu
 74884 | Crypt:2  | Noticed a greater mummy
 75004 | Crypt:2  | Killed a greater mummy
 75594 | Crypt:3  | Entered Level 3 of the Crypt
 76305 | Crypt:3  | Found an ancient bone altar of Kikubaaqudgha.
 76325 | Crypt:3  | Reached skill level 15 in Shields
 76419 | Crypt:3  | Reached skill level 10 in Dodging
 76535 | Crypt:3  | Noticed an ancient lich
 76542 | Crypt:3  | Killed an ancient lich
 76552 | Crypt:3  | Identified the Volume of Captivating Heat
 76553 | Crypt:3  | Identified Sif Muna's Guide on Mutagenic Toxins
 76555 | Crypt:3  | Identified the +4 scale mail "Jihuscher" {Int+4} (You found it on level 3 of the Crypt)
 76571 | Crypt:3  | Learned a level 8 spell: Lehudib's Crystal Spear
 76753 | Crypt:3  | Got a slimy broad axe
 76754 | Crypt:3  | Identified the +5 broad axe of Vodka {freeze, rPois Str+7 Int-5 Stlth+} (You found it on level 3 of the Crypt)
 76982 | Crypt:3  | Found a staircase to the Tomb.
 76987 | Crypt:3  | Identified the Collected Works on Evil Secrets
 77806 | Hell     | Reached skill level 1 in Earth Magic
 78244 | Hell     | Found a gateway to the freezing wastes of Cocytus.
 78353 | Hell     | Found a gateway to the decaying netherworld of Tartarus.
 78615 | Hell     | Found a gateway to the ashen valley of Gehenna.
 78761 | Hell     | Found a gateway to the Iron City of Dis.
 79076 | Pan      | Entered Pandemonium
 79160 | Pan      | Got a heavily runed ring mail
 79171 | Pan      | Identified the +4 ring mail of the Five Scars {rN+ rCorr Dex+2} (You found it in Pandemonium)
 79347 | Pan      | Noticed Tekua the pandemonium lord
 79355 | Pan      | Killed Tekua the pandemonium lord
 79832 | Pan      | Identified the +8 dire flail of Eternity {crush, rPois Str+3 Int+4 Stlth-} (You found it in Pandemonium)
 79845 | Pan      | Found an exit through the horrors of the Abyss.
 80302 | Pan      | Identified the +3 great sword of Overwhelming Force {pain, rF+ rC+ MR+ Stlth+} (You found it in Pandemonium)
 80343 | Pan      | Found an exit through the horrors of the Abyss.
 80362 | Pan      | Identified the +0 plate armour of the Wilderness {rElec rC- Str-4 Int+9} (You found it in Pandemonium)
 80709 | Pan      | Gained mutation: You are occasionally teleported next to monsters. [a cacodemon]
 80719 | Pan      | Noticed Heeprura the pandemonium lord
 80751 | Pan      | Killed Heeprura the pandemonium lord
 80751 | Pan      | Reached skill level 5 in Air Magic
 81906 | Pan      | Reached skill level 27 in Fire Magic
 82358 | Pan      | Got a slimy lapis lazuli ring
 82360 | Pan      | Identified the ring of Qiz Sawn {Wiz rElec rF+ rN+} (You acquired it in Pandemonium)
 82373 | Pan      | Learned a level 9 spell: Glaciate
 82396 | Pan      | Noticed Piripnen the pandemonium lord
 82432 | Pan      | Found a runed door.
 82655 | Pan      | Reached skill level 5 in Evocations
 82669 | Pan      | Killed Piripnen the pandemonium lord
 82669 | Pan      | Reached skill level 15 in Fighting
 82951 | Pan      | Got a demonic rune of Zot
 83364 | Pan      | Found an exit through the horrors of the Abyss.
 83373 | Pan      | Took an exit into the Abyss.
 83373 | Abyss:1  | Escaped into the Abyss
 83412 | Depths:3 | Escaped the Abyss
 83414 | Depths:3 | Upgraded the game from 0.20-a0-1126-g0f15420 to 0.20-a0-1127-g1289703
 83555 | Zot:1    | Entered Level 1 of the Realm of Zot
 84257 | Zot:1    | Reached skill level 5 in Summonings
 84566 | Zot:2    | Reached skill level 5 in Earth Magic
 84891 | Zot:2    | You fall through a shaft!
 85091 | Zot:2    | Noticed an orb of fire
 85095 | Zot:2    | Killed an orb of fire
 85961 | Zot:2    | Lost mutation: You are occasionally teleported next to monsters. [potion of mutation]
 85961 | Zot:2    | Lost mutation: You passively map a small area around you. [potion of mutation]
 85961 | Zot:2    | Lost mutation: You have very sharp teeth. [potion of mutation]
 85961 | Zot:2    | Lost mutation: Your movements are slightly less encumbered by armour. (ER -2) [potion of mutation]
 85961 | Zot:2    | Lost mutation: You are somewhat resistant to further mutation. [potion of mutation]
 85961 | Zot:2    | Gained mutation: Armour fits poorly on your strangely shaped body. [potion of mutation]
 85961 | Zot:2    | Gained mutation: Your mind is acute. (Int +2) [potion of mutation]
 85961 | Zot:2    | Gained mutation: You are agile. (Dex +2) [potion of mutation]
 85961 | Zot:2    | Gained mutation: You have large cloven feet. [potion of mutation]
 87242 | Zot:5    | Entered Level 5 of the Realm of Zot
 87379 | Zot:5    | Noticed an ancient lich
 87388 | Zot:5    | Killed an ancient lich
 87476 | Zot:5    | Noticed an ancient lich
 87478 | Zot:5    | Killed an ancient lich
 87507 | Zot:5    | Noticed an ancient lich
 87509 | Zot:5    | Killed an ancient lich
 87615 | Zot:5    | Noticed an ancient lich
 87618 | Zot:5    | Killed an ancient lich
 87697 | Zot:5    | Noticed an orb of fire
 87700 | Zot:5    | Gained mutation: You have a pair of small horns on your head. [an orb of fire]
 87702 | Zot:5    | Killed an orb of fire
 88241 | Zot:5    | Reached skill level 10 in Earth Magic
 88295 | Zot:5    | Noticed an orb of fire
 88295 | Zot:5    | Gained mutation: You are frail. (-10% HP) [an orb of fire]
 88298 | Zot:5    | Killed an orb of fire
 88415 | Zot:5    | Noticed an orb of fire
 88419 | Zot:5    | Killed an orb of fire
 88419 | Zot:5    | Reached skill level 10 in Ice Magic
 88487 | Zot:5    | Paralysed by the power of Zot for 4 turns
 88642 | Zot:5    | Noticed an orb of fire
 88646 | Zot:5    | Killed an orb of fire
 88736 | Zot:5    | Noticed an orb of fire
 88790 | Zot:5    | Killed an orb of fire
 88953 | Zot:5    | Got the Orb of Zot
 89032 | Zot:4    | Noticed Baliwnia the pandemonium lord
 89591 | D:$      | Escaped with the Orb!

Vault maps used:
D:1:      ncdulo_smallfort, minmay_tetromino_s2
D:5:      yredelemnul_forgotten_temple_becter, serial_shops, shop, first_bread
D:6:      overflow_temple_1_default, temple_doors_e, basic_altar, serial_shops,
          shop, minivault_1
D:7:      serial_shops, shop
D:8:      lemuel_round_altar, david_nohive_1, uniq_gastronok
D:9:      hangedman_cross_cluster, marbit_many_paths,
          grunt_temple_overflow_cloverleaf,
          chequers_temple_overflow_statue_of_worship, enter_bailey_3,
          minmay_hedge_maze
D:10:     erik_lair_dragon
D:11:     zombieorc2_lemuel, minivault_25_ag, uniq_josephine
D:13:     david_vaults_3, enter_trove_0, minmay_checkerbox, uniq_sonja,
          uniq_nessos
D:14:     basic_altar, patterned_corridor, minmay_fountain_box, uniq_frances,
          uniq_azrael
D:15:     gammafunk_enter_depths_forms, uniq_kirke
Temple:   minmay_temple_bridge_abc
Lair:2:   nicolae_spider_entry_tight_spaces, uniq_urug
Lair:3:   st_stairs_11, serial_bayou_shore_a, minmay_lair_oklob_chamber
Lair:4:   minmay_swamp_entry_worms, ice2_lemuel
Lair:5:   kb_forest_paths, minmay_slime_entry_pillars, st_stairs_4,
          beast_lair_carwin_2, uniq_rupert
Lair:6:   evilmike_catoblepas_cave, minivault_19, grunt_megastairs_3
Swamp:1:  evilmike_swamp_ruin_house_4
Swamp:2:  nicolae_swamp_little_tower, swamp_pool5, infiniplex_staircase_pool_2,
          uniq_louise
Swamp:3:  evilmike_swamp_ruin_rubble_2, swamp_pool1, hangedman_swamp_diagram,
          infiniplex_staircase_pool, uniq_mara
Swamp:4:  swamp_basic_johnstein
Spider:2: uniq_arachne
Spider:3: einodemon_crawler_minivault
Spider:4: floodkiller_spider_rune_tomb, uniq_donald
Slime:4:  cheibrodos_slime_lost_civilization_1
Orc:1:    basic_altar
Orc:2:    kennysheep_orc_mage_school, hangedman_feature_mirror, abandoned_shop
Elf:1:    minmay_elf_arrival_summoners, hangedman_elf_represent, minivault_11
Elf:2:    eino_tiny_chamber
Elf:3:    elf_hall_gauntlet_wide
Vaults:1: st_cross, v_misc_18, vaults_room_boxed, v_misc_16, v_misc_18,
          nicolae_vaults_little_squares_1, serial_ice_m, vaults_room_door_hall,
          ontoclasm_vaults_loading_screen, serial_shops, shop
Vaults:2: nicolae_vaults_gold_heap, nicolae_vaults_three_branches,
          vaults_mumra_minichess, vaults_dpeg_diagonal,
          ontoclasm_vaults_ring_large, v_misc_5, nicolae_vaults_octagons,
          ontoclasm_vaults_claustrophobia, nicolae_vaults_twisting_passages,
          v_misc_4, v_pattern_4, vaults_room_door_ring,
          nicolae_vaults_shelves_hall, nicolae_vaults_hallways_thing,
          vaults_room_mumra_shop_pool, uniq_aizul, uniq_jorgrun
Vaults:3: vaults_room_pools, nicolae_vaults_little_ls,
          grunt_vaults_hallway_short, v_misc_10,
          minmay_crypt_entry_simple_plaza, vaults_room_stairs_pillars,
          v_misc_22, vaults_dpeg_ring, ontoclasm_vaults_shuriken,
          ontoclasm_vaults_pinch, nicolae_vaults_border_crossing, serial_shops,
          shop
Vaults:4: v_misc_4, ontoclasm_vaults_misaligned, grunt_vaults_trifunnel,
          nicolae_vaults_disjoint_gnomons, vaults_room_grid, vaults_room_grid,
          grunt_vaults_hallway_long, v_misc_31, v_misc_19, v_misc_19,
          nicolae_vaults_yaktaur_gun_rack, ontoclasm_vaults_hangar,
          vaults_room_pools, nicolae_vaults_alarming, serial_glass
Vaults:5: serial_shops
Crypt:1:  uniq_margery, uniq_saint_roka
Crypt:2:  serial_glass, glass_columns_a, glass_columns_a, glass_columns_a,
          glass_columns_b, small_chamber_with_monster, uniq_khufu
Crypt:3:  evilmike_haunted_forest
Depths:1: pf_coc_iceberg, hangedman_stitches_earthworm, serial_bayou_shore_b,
          uniq_asterion
Depths:2: grunt_house_of_mirrors, serial_shops,
          nicolae_shop_temple_entry_statues_fountains, hell_entry,
          minmay_tree_intersection, firewood_loft, infiniplex_staircase_9_rooms,
          uniq_nikola
Depths:3: radiant_caverns_a_rkd, pan_entry, hell_entry
Depths:4: kennysheep_snake, hell_entry, rand_demon_pan_entry_7,
          minmay_misc_feat_diagonals, abyss_entry, minmay_misc_feat_square,
          minmay_pinched_square, minmay_staircase_bubble, uniq_xtahua
Depths:5: evilmike_zot_entry_basic, tso_altar, rand_demon_pan_entry_9,
          hell_entry, serial_bayou_shore_b
Zot:3:    grunt_ministairs_7, amethyst_zot_foddershock
Abyss:1:  hangedman_decor_lopped, evilmike_abyss_exit_16
Abyss:2:  hangedman_abyss_or_decor_passed
Abyss:3:  evilmike_abyss_exit_10, grunt_abyss_rune_wretched_hive,
          evilmike_abyss_exit_15
Pan:      rand_demon_1, nicolae_pan_diamonds, pan_blood_fountain_small,
          nicolae_pan_gloorx_vloqian_2, regret_index_pan_draining_boxed,
          nicolae_pan_gloorx_vloqian_4
Trove:    trove_garden
Bailey:   bailey_polearm_2, bailey

Skill      XL: |  1  2  3  4  5  6  7  8  9 10 11 12 13 14 15 16 17 18 19 20 21 22 23 24 25 26 27 |
---------------+----------------------------------------------------------------------------------+-----
Fire Magic     | 4 5 6 7 9 10 11 12 13 15 16 17 18 19 20 21 22 23 24 25 27 | 27.0
Spellcasting   | 4 5 7 8 10 12 14 16 17 18 20 21 22 23 24 25 26 27 | 27.0
Conjurations   | 2 3 4 5 7 9 10 11 13 14 15 16 17 18 19 20 25 | 25.5
Armour         | 1 2 3 4 5 6 7 10 12 13 | 13.2
Dodging        | 3 4 5 6 7 8 9 11 | 11.5
Staves         | 1 2 3 4 |  4.4
Stealth        | 3 4 5 6 7 8 |  8.6
Fighting       | 1 2 3 5 6 8 9 10 11 12 13 16 | 16.6
Air Magic      | 1 2 3 6 |  6.0
Translocations | 1 3 4 5 6 8 |  8.8
Axes           | 1 2 3 4 5 6 |  6.7
Evocations     | 1 2 3 4 5 |  5.4
Ice Magic      | 1 2 4 5 6 11 | 11.1
Shields        | 1 3 6 7 8 10 11 12 13 14 16 | 16.0
Summonings     | 4 5 |  5.6
Charms         | 4 5 6 |  6.9
Necromancy     | 1 4 |  4.7
Earth Magic    | 11 | 11.6
Long Blades    | |  0.1

Action                   |  1- 3 |  4- 6 |  7- 9 | 10-12 | 13-15 | 16-18 | 19-21 | 22-24 | 25-27 || total
-------------------------+-------+-------+-------+-------+-------+-------+-------+-------+-------++-------
Melee: Short sword       |    22 |     3 |       |       |       |       |       |       |       ||    25
       Staff             |       |    59 |    52 |   162 |       |       |       |    39 |   169 ||   481
       Falchion          |       |     5 |     3 |       |       |       |       |       |       ||     8
       War axe           |       |       |       |     9 |   151 |    39 |   144 |   116 |   171 ||   630
       Headbutt          |       |       |       |       |       |       |       |     1 |    12 ||    13
       Bite              |       |       |       |       |       |       |       |     1 |    40 ||    41
 Cast: Flame Tongue      |    42 |    47 |    23 |    24 |    11 |       |       |       |       ||   147
       Throw Flame       |    16 |    52 |   122 |    63 |    44 |    14 |     2 |     3 |     4 ||   320
       Sticky Flame      |       |     7 |    16 |    47 |    35 |    30 |    13 |       |       ||   148
       Fireball          |       |       |    23 |   157 |   128 |   304 |   137 |   147 |   357 ||  1253
       Lightning Bolt    |       |       |       |    18 |    26 |     5 |     4 |       |       ||    53
       Shock             |       |       |       |     8 |     4 |       |       |       |       ||    12
       Force Lance       |       |       |       |     6 |    35 |   100 |    41 |    89 |   171 ||   442
       Bolt of Fire      |       |       |       |       |   146 |    86 |   115 |    66 |   206 ||   619
       Ignition          |       |       |       |       |    44 |   118 |   110 |   146 |   262 ||   680
       Freezing Cloud    |       |       |       |       |     7 |     2 |     3 |    10 |    54 ||    76
       Bolt of Cold      |       |       |       |       |     2 |     7 |    15 |    57 |    65 ||   146
       Orb of Destructio |       |       |       |       |       |     4 |    21 |    78 |   141 ||   244
       Ring of Flames    |       |       |       |       |       |       |       |     3 |     4 ||     7
       Regeneration      |       |       |       |       |       |       |       |     8 |    29 ||    37
       Fire Storm        |       |       |       |       |       |       |       |     2 |    14 ||    16
       Chain Lightning   |       |       |       |       |       |       |       |       |    39 ||    39
       Lehudib's Crystal |       |       |       |       |       |       |       |       |   181 ||   181
       Aura of Abjuratio |       |       |       |       |       |       |       |       |    13 ||    13
       Glaciate          |       |       |       |       |       |       |       |       |    11 ||    11
 Abil: Evoke Blink       |       |       |       |       |       |       |       |    17 |     7 ||    24
Evoke: Wand              |       |       |       |     2 |     7 |    19 |     1 |     1 |    55 ||    85
  Use: Potion            |       |     7 |     1 |     6 |     2 |     4 |       |     7 |    19 ||    46
       Scroll            |       |       |    11 |     7 |    12 |    13 |     2 |    11 |    35 ||    91
 Stab: Sleeping          |       |       |       |       |     4 |     1 |     3 |     3 |     1 ||    12
       Distracted        |       |       |       |       |       |       |       |     1 |     4 ||     5
  Eat: Chunk             |     2 |    11 |    17 |    28 |    47 |    21 |    28 |    30 |    51 ||   235
       Meat ration       |       |       |     2 |     1 |       |       |       |       |     2 ||     5
       Royal jelly       |       |       |       |     1 |     3 |    14 |     2 |     5 |     3 ||    28
       Fruit             |       |       |       |       |       |     1 |       |       |     4 ||     5
       Bread ration      |       |       |       |       |       |       |       |       |     2 ||     2
Armor: Robe              |     4 |     2 |       |    64 |    35 |       |       |       |       ||   105
       Leather armour    |       |    25 |    35 |    22 |    34 |       |       |       |       ||   116
       Skin              |       |     3 |       |       |       |       |       |       |       ||     3
       Troll leather arm |       |       |       |       |    19 |    99 |    38 |       |       ||   156
       Ring mail         |       |       |       |       |       |       |    69 |    68 |   292 ||   429
Dodge: Dodged            |    31 |    67 |    87 |   143 |   107 |   118 |    80 |    87 |   322 ||  1042
Block: Buckler           |       |       |       |       |    15 |    41 |       |       |       ||    56
       Shield            |       |       |       |       |       |    53 |   186 |   196 |   766 ||  1201
       Reflection        |       |       |       |       |       |     3 |    35 |    37 |    26 ||   101
       Rpst.: Falchion   |       |       |     4 |       |       |       |       |       |       ||     4
